AoeStats
← 布丁

Fortress

507226575Analyzed
4v4 RM · 15d ago on Sep 17, 2026· 48m 28s· 8 players
Game mode
Random Map
Map size
Huge
Population
200
Speed
Normal
Resources
Standard
Victory
Conquest
Starting age
Dark Age
Ending age
Imperial Age
RankedLock teamsTeams togetherTeam positionsShared explorationLock speedFull tech treeHidden civsTurbo modeCheats
Victory
Defeat
🇹🇼 Goths · Taiwan
863
+14
🇨🇳 Khmer · China
855
+15
🇮🇩 Bohemians · Indonesia
846
+15
🇪🇸 Bengalis · Spain
767
+18
🇪🇸 Burgundians · Spain
838
-16
822
-16
🇲🇽 Japanese · Mexico
820
-15
🇲🇽 Franks · Mexico
816
-15
DOLAR2305
0:32 Loom
3:39 Wheelbarrow
3:10 Double-Bit Axe
7:00 Gold Mining
10:11 Stone Mining
13:14 Feudal Age
11:36 Horse Collar
14:17 Hand Cart
14:14 Heavy Plow
14:39 Bow Saw
18:23 Castle Age
17:24 Gold Shaft Mining
17:31 Stone Shaft Mining
18:52 Forging
18:47 Scale Barding Armor
22:14 Imperial Age
20:56 Husbandry
20:28 Cavalier
25:24 Iron Casting
27:43 Conscription
27:33 Pikeman
28:15 Squires
28:01 Arson
28:43 Halberdier
32:03 Blast Furnace
31:04 Scale Mail Armor
34:41 Burgundian Vineyards
34:59 Town Watch
42:20 Treadmill Crane
44:59 Chemistry
43:55 Murder Holes
44:30 Caravan
RaymorMX
7:51 Feudal Age
8:55 Double-Bit Axe
10:51 Horse Collar
12:23 Gold Mining
14:27 Stone Mining
16:28 Wheelbarrow
21:16 Castle Age
20:40 Forging
21:45 Scale Barding Armor
22:35 Heavy Plow
23:31 Bloodlines
23:44 Bow Saw
26:14 Hand Cart
27:39 Gold Shaft Mining
27:23 Yasama
28:48 Squires
28:09 Pikeman
30:28 Iron Casting
30:23 Guard Tower
31:05 Scale Mail Armor
31:01 Town Watch
31:11 Light Cavalry
37:15 Imperial Age
34:48 Town Patrol
35:49 Chain Barding Armor
35:46 Chain Mail Armor
35:36 Caravan
36:00 Ballistics
35:06 Elite Skirmisher
38:17 Elite Samurai
40:13 Kataparuto
40:33 Conscription
41:00 Padded Archer Armor
43:32 Blast Furnace
Campos1372
4:22 Loom
7:51 Feudal Age
17:33 Castle Age
15:35 Stone Mining
16:57 Double-Bit Axe
30:38 Imperial Age
29:10 Gold Mining
30:11 Crossbowman
30:58 Scale Mail Armor
30:59 Padded Archer Armor
30:50 Fletching
35:50 Scale Barding Armor
35:55 Forging
36:00 Chain Mail Armor
36:01 Leather Archer Armor
35:41 Bodkin Arrow
35:53 Light Cavalry
42:12 Chain Barding Armor
42:28 Iron Casting
42:23 Plate Mail Armor
不穿内裤真龙不被束缚
0:37 Loom
8:13 Feudal Age
13:25 Castle Age
11:23 Horse Collar
11:42 Double-Bit Axe
17:09 Bow Saw
19:09 Stone Mining
23:15 Heavy Plow
23:28 Scale Mail Armor
25:52 Husbandry
26:24 Bloodlines
26:37 Gold Mining
27:22 Stone Shaft Mining
28:29 Scale Barding Armor
28:40 Chain Mail Armor
28:36 Forging
28:26 Padded Archer Armor
28:17 Fletching
30:05 Arson
30:20 Squires
30:06 Gambesons
29:42 Pikeman
33:37 Imperial Age
33:26 Chain Barding Armor
33:22 Leather Archer Armor
33:42 Iron Casting
35:45 Ring Archer Armor
35:38 Halberdier
38:03 Chemistry
37:24 Ballistics
37:50 Cavalier
38:48 Elite Conquistador
40:12 Elite Conquistador
Casy2210
7:23 Feudal Age
9:29 Double-Bit Axe
13:05 Castle Age
11:29 Loom
12:53 Town Watch
15:23 Town Patrol
15:45 Horse Collar
15:49 Elite Skirmisher
16:44 Bloodlines
17:08 Heavy Plow
19:55 Fletching
22:29 Bodkin Arrow
22:35 Padded Archer Armor
23:39 Bow Saw
23:44 Forging
25:26 Scale Barding Armor
26:42 Chain Barding Armor
27:21 Iron Casting
32:49 Husbandry
41:14 Imperial Age
40:00 Ballistics
40:02 Leather Archer Armor
44:43 Siege Elephant
48:10 Wheelbarrow
48:44 Chemistry
47:51 Siege Engineers
47:51 Bracer
48:43 Ring Archer Armor
48:49 Plate Barding Armor
49:26 Blast Furnace
Your Father
8:16 Feudal Age
13:47 Castle Age
15:15 Double-Bit Axe
17:33 Stone Mining
20:01 Stone Shaft Mining
19:17 Gold Mining
19:51 Bow Saw
23:54 Wheelbarrow
29:27 Imperial Age
28:14 Scale Barding Armor
28:27 Hand Cart
28:28 Bloodlines
28:19 Husbandry
29:57 Ballistics
30:20 Gold Shaft Mining
30:41 Chain Barding Armor
30:48 Double Crossbow
32:04 Chemistry
31:47 Conscription
33:15 Plate Barding Armor
32:23 Heavy Scorpion
33:26 Elite Ballista Elephant
40:10 Caravan
47:57 Light Cavalry
布丁
1:05 Loom
8:24 Feudal Age
9:48 Wheelbarrow
13:00 Castle Age
11:45 Double-Bit Axe
11:44 Horse Collar
22:03 Pikeman
22:44 Squires
23:30 Bow Saw
23:23 Heavy Plow
24:49 Hand Cart
30:20 Imperial Age
30:00 Forging
29:51 Scale Mail Armor
29:42 Fletching
30:21 Anarchy
30:34 Town Watch
30:37 Halberdier
32:10 Perfusion
32:36 Chain Mail Armor
33:33 Chemistry
35:02 Iron Casting
34:24 Bodkin Arrow
35:29 Elite Skirmisher
35:50 Elite Huskarl
45:02 Blast Furnace
44:03 Bracer
heliopopsol
0:29 Loom
9:34 Feudal Age
12:07 Wheelbarrow
11:51 Arson
11:51 Horse Collar
12:05 Double-Bit Axe
21:26 Castle Age
19:33 Fletching
19:54 Forging
19:44 Scale Mail Armor
19:50 Scale Barding Armor
19:45 Padded Archer Armor
25:08 Imperial Age
24:59 Caravan
25:46 Hand Cart
27:32 Hussite Reforms
27:34 Wagenburg Tactics
27:51 Conscription
27:23 Pikeman
28:04 Squires
28:09 Heavy Plow
29:04 Murder Holes
29:44 Fortified Wall
32:08 Chemistry
32:49 Bow Saw
37:00 Two-Man Saw
36:39 Ballistics
46:06 Iron Casting
45:26 Bodkin Arrow
45:47 Chain Mail Armor
45:52 Chain Barding Armor
45:48 Leather Archer Armor
45:46 Elite Hussite Wagon
47:22 Houfnice
48:03 Halberdier
Connection lost

Rejoining the realm…

Still unreachable

The connection could not be restored.

Session expired

The server has moved on; the page needs a fresh start.